cohdb
Replays
Latest Replays
All Replays
Popular Replays
Top Player Replays
Match Explorer
How It Works
Community
CoH3 Stats
Reddit
Sign in to upload your games and track your stats! →
Sign in with Steam
Match 43643479
Unlisted
Match 43643479
Overview
Messages
Build Orders
End
Selects Canadian Shock Battlegroup
Royal Engineer Section
Construct Section Command Post
Infantry Section
Infantry Section
ML 3-inch Mortar Team
Selects Attacking Spirit
Selects Canadian Shock Section
Construct Field Infirmary
Grenade Package
Infantry Section
Selects Incendiary Munitions
Construct Platoon Command Post
Humber Armored Car
ParryBow
.
FriendlyBacon
anioki
D I D I
Calla Lily
0
0
Comments
sign in to comment!
No comments posted yet!